 Dungeon Crawl Stone Soup version 0.19.5 (webtiles) character file.

40 tidbits the Twirler (level 3, -3/26 HPs)
             Began as a High Elf Wanderer on Oct 28, 2017.
             Slain by Duvessa
             ... wielding a +0 vampiric short sword
              (8 damage)
             ... on level 4 of the Dungeon.
             The game lasted 00:04:12 (388 turns).

tidbits the Twirler (High Elf Wanderer)              Turns: 388, Time: 00:04:13

Health: -3/26      AC:  2    Str: 13    XL:     3   Next: 30%
Magic:  4/4        EV: 12    Int: 20    God:
Gold:   34         SH:  0    Dex: 12    Spells: 0 memorised, 2 levels left

rFire  . . .     SeeInvis .     a - +2 quarterstaff
rCold  . . .     Gourm    .     d - +0 robe
rNeg   . . .     Faith    .     (shield currently unavailable)
rPois  .         Spirit   .     (no helmet)
rElec  .         Reflect  .     (no cloak)
rCorr  .         Harm     .     (no gloves)
MR     .....                    (no boots)
Stlth  +.........               (no amulet)
                                (no ring)
                                m - +3 ring of intelligence

@: glowing
A: no striking features
a: no special abilities


You were on level 4 of the Dungeon.
You were not hungry.

You visited 1 branch of the dungeon, and saw 4 of its levels.

You collected 34 gold pieces.

Inventory:

Hand Weapons
 a - a +2 quarterstaff (weapon)
 b - a +1 hunting sling of flaming
   (You found it on level 1 of the Dungeon)
 e - a +0 dagger
 o - a +0 short sword
   (You found it on level 2 of the Dungeon)
Missiles
 g - 17 stones (quivered)
 h - 14 sling bullets
 k - 17 arrows
 l - 16 tomahawks
 p - 7 poisoned needles
Armour
 d - a +0 robe (worn)
Jewellery
 m - a +3 ring of intelligence (left hand)
   (You found it on level 2 of the Dungeon)
Scrolls
 j - a scroll of identify {unknown}
Potions
 i - a potion of curing
 q - a potion of flight {unknown}
 r - a potion of degeneration {unknown}
Comestibles
 f - 2 bread rations


   Skills:
 + Level 3.1 Fighting
 - Level 4.0 Staves
 - Level 1.7 Armour
 + Level 2.1 Dodging
 - Level 2.1 Stealth


You had 2 spell levels left.
You didn't know any spells.

Dungeon Overview and Level Annotations

Branches:
Dungeon (4/15)
 Temple: D:4-7

Altars:
Qazlal
Zin

Annotations:
D:4 Dowan, Duvessa


Message History

You kill the hobgoblin!
Things that are here:
a club; a hobgoblin corpse
Things that are here:
a club; a hobgoblin corpse
There is a stone staircase leading down here.
There is a stone staircase leading down here.
You climb downwards.
You hear the hiss of flowing sand.
There is an entrance to an ossuary on this level.
Hurry and find it before the portal is buried!
You hear the slow hiss of a distant avalanche of sand.
There is a stone staircase leading up here.
As you open the door, it creaks loudly!
Found a bread ration.
There is an open door here.
You see here a bread ration.
f - 2 bread rations (gained 1)
You open the door.
Found 15 gold pieces.
There is an open door here.
Duvessa, Sister of Dowan comes into view.
She is wielding a vampiric short sword.
Duvessa shouts!
Dowan, Brother of Duvessa comes into view.
He is wielding a dagger.
Your +1 hunting sling of flaming bursts into flame!
b - a +1 hunting sling of flaming (weapon)
Firing (i - inventory. (,) - cycle):
h - 19 sling bullets (quivered)
Press: ? - help, Shift-Dir - straight line, f - Duvessa
Aim: Duvessa, wielding a vampiric short sword You shoot a sling bullet.
Dowan shouts!
The sling bullet hits Duvessa!
The sling bullet burns Duvessa.
Duvessa is moderately wounded.
Firing (i - inventory. (,) - cycle):
h - 18 sling bullets (quivered)
Press: ? - help, Shift-Dir - straight line, f/p - Duvessa
Aim: Duvessa, wielding a vampiric short sword (moderately wounded)
You shoot a sling bullet. The sling bullet hits Duvessa.
The sling bullet burns Duvessa.
Duvessa is moderately wounded.
Firing (i - inventory. (,) - cycle):
h - 17 sling bullets (quivered)
Press: ? - help, Shift-Dir - straight line, f/p - Duvessa
Aim: Duvessa, wielding a vampiric short sword (moderately wounded)
You shoot a sling bullet. The sling bullet hits Duvessa.
The sling bullet burns Duvessa.
Duvessa is heavily wounded.
Duvessa drinks a potion.
Duvessa is healed!
Firing (i - inventory. (,) - cycle):
h - 16 sling bullets (quivered)
Press: ? - help, Shift-Dir - straight line, f/p - Duvessa
Aim: Duvessa, wielding a vampiric short sword (moderately wounded)
You shoot a sling bullet.
The sling bullet closely misses Duvessa.
Firing (i - inventory. (,) - cycle):
h - 15 sling bullets (quivered)
Press: ? - help, Shift-Dir - straight line, f/p - Duvessa
Aim: Duvessa, wielding a vampiric short sword (moderately wounded)
You shoot a sling bullet.
The sling bullet hits Duvessa but does no damage.
Duvessa is moderately wounded.
Duvessa says, "When magic and the sword combine, nothing stands against them."
There is an open door here.
Dowan casts a spell.
Dowan blinks!
Dowan says, "My weaknesses are her strengths!"
There is an open door here.
Your +1 hunting sling of flaming stops flaming.
a - a +2 quarterstaff (weapon)
Duvessa hits you with a vampiric short sword.
* * * LOW HITPOINT WARNING * * *
It was a potion of ambrosia.
You are confused.
You feel invigorated.
Duvessa hits you with a vampiric short sword!
* * * LOW HITPOINT WARNING * * *
Duvessa draws strength from your wounds!
Duvessa hits you with a vampiric short sword.
Duvessa draws strength from your wounds!
You hear the slow hiss of a distant avalanche of sand.
You feel less invigorated.
You feel less confused.
Duvessa hits you with a vampiric short sword.
Dowan points at you and mumbles some strange words.
You are outlined in light.
Unknown command.
Dowan says, "Magic and the sword, together, will defeat you."
You open the door. Dowan hits you with a dagger.
Duvessa hits you with a vampiric short sword.
Duvessa draws strength from your wounds!
Dowan casts a spell at Duvessa.
Duvessa seems to speed up.
There is an open door here.
Duvessa hits you with a vampiric short sword.
* * * LOW HITPOINT WARNING * * *
Duvessa closely misses you.
Duvessa gestures with her weapon.
There is an open door here.
Duvessa hits you with a vampiric short sword.
* * * LOW HITPOINT WARNING * * *
Duvessa draws strength from your wounds!
Duvessa misses you.
There is a stone staircase leading up here.
Duvessa hits you with a vampiric short sword!
You die...

#.....# #...<.#
...... #...†.#
....... #.....#
#...... #.....#
#..... #.....#
#..... +.....#
#....# #####.....#
##....###...#...@.#
............#..e..#
............#.....#
............#e....#
............'.....#
#####'###...#.....#
........#...#.....#
....§...#...#.....#
........#...#.....#


You could see Duvessa and Dowan.

Vanquished Creatures
  An iguana (D:4)
  A giant cockroach (D:1)
  2 goblins (D:1)
  4 hobgoblins
  A kobold (D:2)
  A quokka (D:2)
  A frilled lizard (D:2)
11 creatures vanquished.

Notes
Turn   | Place    | Note
-------+----------+-------------------------------------------
     0 | D:1      | tidbits the High Elf Wanderer began the quest for the Orb.
     0 | D:1      | tidbits set off with: a +2 quarterstaff, a potion of curing, a potion of lignification, a +0 robe, a +0 dagger, a bread ration
     0 | D:1      | Reached XP level 1. HP: 14/14 MP: 2/2
    83 | D:1      | Reached skill level 1 in Dodging
   110 | D:2      | Found a stormy altar of Qazlal.
   114 | D:2      | Reached XP level 2. HP: 11/20 MP: 3/3
   186 | D:2      | Found a glowing silver altar of Zin.
   245 | D:2      | Found a faded altar of an unknown god.
   277 | D:4      | HP: 1/20 [iguana (10)]
   281 | D:4      | Reached skill level 3 in Fighting
   281 | D:4      | Reached skill level 2 in Dodging
   281 | D:4      | Reached XP level 3. HP: 13/26 MP: 4/4
   345 | D:4      | Noticed Duvessa
   346 | D:4      | Noticed Dowan
   388 | D:4      | Slain by Duvessa

Skill      XL: |  1  2 |
---------------+-------+-----
Dodging        | 1 2 |  2.1
Fighting       | 3 |  3.1
Staves         | |  4.0
Armour         | |  1.7
Stealth        | |  2.1

Action                   || total
-------------------------++-------
Melee: Quarterstaff      ||    21
 Fire: Hunting sling     ||    10
  Use: Potion            ||     3
 Stab: Sleeping          ||     2
Armor: Robe              ||     1
       Skin              ||     1
Dodge: Dodged            ||     8

Table legend:
 A = Turns spent in this place as a percentage of turns spent in the entire game.
 B = Non-inter-level travel turns spent in this place as a percentage of non-inter-level travel turns spent in the entire game.
 C = Inter-level travel turns spent in this place as a percentage of turns spent in this place.
 D = Turns resting spent in this place as a percentage of non-inter-level travel turns spent in this place.
 E = Turns spent auto-exploring this place as a percentage of non-inter-level travel turns spent in this place.
 F = Non-inter-level travel turns spent in this place divided by the number of levels of this place that you've seen.
                   A       B       C       D       E      F
               +-------+-------+-------+-------+-------+----------------------
         Total | 100.0 | 100.0 |   0.0 |   0.0 |   0.0 |  98.2
       Dungeon | 100.0 | 100.0 |   0.0 |   0.0 |   0.0 |  98.2
               +-------+-------+-------+-------+-------+----------------------

Table legend:
 A = Kills in this place as a percentage of kills in entire the game.
 B = Kills by you in this place as a percentage of kills by you in the entire game.
 C = Kills by friends in this place as a percentage of kills by friends in the entire game.
 D = Other kills in this place as a percentage of other kills in the entire game.
 E = Experience gained in this place as a percentage of experience gained in the entire game.
 F = Experience gained in this place divided by the number of levels of this place that you have seen.
                   A       B       C       D       E      F
               +-------+-------+-------+-------+-------+----------------------
         Total | 100.0 | 100.0 |  -nan |  -nan | 100.0 |  14.5
       Dungeon | 100.0 | 100.0 |  -nan |  -nan | 100.0 |  14.5
               +-------+-------+-------+-------+-------+----------------------

Vault maps used:
D:1:      dpeg_arrival_pits
D:2:      doesnt_xom_only_xom, overflow_temple_1_default, ecumenical_altar_1,
          grunt_qazlal_clouds
D:3:      lemuel_coloured_pillars_altar, first_bread, uniq_jessica
D:4:      chequers_ossuary_entry_cave, uniq_duvessa
